 Dungeon Crawl Stone Soup version 0.20-a0-1122-gb7cbeb9 (webtiles) character file.

10117 Lochraine the Slicer (level 11, 0/94 HPs)
             Began as a Green Draconian Conjurer on May 12, 2017.
             Was an Elder of Kikubaaqudgha.
             Slain by a freezing wraith (15 damage)
             ... on level 9 of the Dungeon.
             The game lasted 00:36:08 (11549 turns).

Lochraine the Slicer (Green Draconian Conjurer)    Turns: 11549, Time: 00:36:09

Health: 0/94       AC: 10    Str: 11    XL:     11   Next: 32%
Magic:  22/22      EV: 14    Int: 18    God:    Kikubaaqudgha [****..]
Gold:   397        SH:  0    Dex: 12    Spells: 6/25 levels left

rFire    + . .     SeeInvis .   e - +2 dagger (elec)
rCold    . . .     Gourm    .   (no shield)
rNeg     + . .     Faith    .   (armour unavailable)
rPois    +         Spirit   .   (helmet restricted)
rElec    .         Reflect  .   (no cloak)
rCorr    .         Harm     .   f - +2 pair of gloves
MR       .....                  (no boots)
Stlth    ++........             n - amulet of magic regeneration
Regen    0.3/turn               p - ring of poison resistance
MPRegen  0.3/turn               j - ring of positive energy

@: slowed, very slow
A: breathe noxious fumes, unfitting armour, horns 1, fire resistance 1, poison
resistance, cold-blooded, AC +7
a: Breathe Noxious Fumes, Receive Corpses, Renounce Religion


You were on level 9 of the Dungeon.
You worshipped Kikubaaqudgha.
Kikubaaqudgha was greatly pleased with you.
You were not hungry.

You visited 2 branches of the dungeon, and saw 10 of its levels.

You collected 397 gold pieces.

Inventory:

Hand Weapons
 e - a +2 dagger of electrocution (weapon)
   (You took it off an orc wizard on level 4 of the Dungeon)
Missiles
 E - 6 poisoned javelins (quivered)
Armour
 f - a +2 pair of gloves (worn)
   (You found it on level 3 of the Dungeon)
 J - a +0 pair of boots
   (You found it on level 9 of the Dungeon)
Jewellery
 j - a ring of positive energy (right hand)
   (You found it on level 2 of the Dungeon)
 n - an amulet of magic regeneration (around neck)
   (You found it on level 2 of the Dungeon)
 p - a ring of poison resistance (left hand)
   (You found it on level 2 of the Dungeon)
Wands
 d - a wand of iceblast (10/15)
   (You found it on level 9 of the Dungeon)
 t - a wand of flame (25/48)
   (You found it on level 8 of the Dungeon)
 u - a wand of paralysis (23/24)
   (You found it on level 6 of the Dungeon)
Scrolls
 c - a scroll of identify {@r1}
 l - a scroll of enchant weapon
 m - a scroll of magic mapping {unknown}
 r - 4 scrolls of remove curse {@r2}
 s - 3 scrolls of enchant armour
 w - a scroll of amnesia
 y - a scroll of noise {unknown}
 H - a scroll of immolation {!r}
 I - a scroll of fear {unknown}
Potions
 h - 2 potions of agility {unknown}
 i - a potion of mutation {!q}
 k - 2 potions of flight {unknown}
 o - 2 potions of curing {@q1}
 x - 2 potions of ambrosia {unknown}
 C - a potion of haste {unknown}
 D - a potion of berserk rage {unknown}
 L - 2 potions of brilliance
 M - a potion of might
 N - a potion of lignification {unknown}
Books
 a - a book of Conjurations
 z - a book of Minor Magic
   (You found it on level 5 of the Dungeon)
 A - Kikubaaqudgha's Tome of Black Secrets
   (Kikubaaqudgha gifted it to you on level 8 of the Dungeon)

   Spells                             Type                      Level
   a - Animate Dead                   Necromancy                   4
   b - Agony                          Necromancy                   5
   c - Cigotuvi's Embrace             Necromancy                   5
   d - Dispel Undead                  Necromancy                   5
   e - Death Channel                  Necromancy                   6
 B - Kikubaaqudgha's Guide on Sinister Rites
   (Kikubaaqudgha gifted it to you on level 5 of the Dungeon)

   Spells                             Type                      Level
   a - Pain                           Necromancy                   1
   b - Corpse Rot                     Necromancy                   2
   c - Sublimation of Blood           Necromancy                   2
   d - Vampiric Draining              Necromancy                   3
   e - Control Undead                 Necromancy                   4
 G - a book of Cantrips
   (You found it on level 8 of the Dungeon)
Comestibles
 b - 2 meat rations
 g - 14 royal jellies
 q - 8 bread rations
 K - 12 fruits


   Skills:
 + Level 7.8 Fighting
 * Level 8.6 Short Blades
 + Level 4.3 Dodging
 - Level 1.7 Stealth
 - Level 7.6 Spellcasting
 - Level 8.2 Conjurations
 + Level 6.4 Necromancy
 - Level 4.0 Air Magic


You had 6 spell levels left.
You knew the following spells:

 Your Spells              Type           Power        Failure   Level  Hunger
a - Magic Dart            Conj           ####         1%          1    None
b - Searing Ray           Conj           #####.       1%          2    None
c - Dazzling Spray        Conj/Hex       ###...       5%          3    #......
d - Blink                 Tloc           N/A          16%         2    None
e - Mephitic Cloud        Conj/Pois/Air  ###.....     5%          3    #......
f - Conjure Flame         Conj/Fire      ###.....     5%          3    #......
g - Animate Dead          Necr           N/A          7%          4    ###....
z - Animate Skeleton      Necr           N/A          1%          1    None


Dungeon Overview and Level Annotations

Branches:
Dungeon (9/15)             Temple (1/1) D:4
   Lair: D:8-11         Orc: D:9-12

Altars:
Ashenzari
Cheibriados
Dithmenos
Elyvilon
Fedhas
Gozag
Hepliaklqana
Kikubaaqudgha
Makhleb
Nemelex Xobeh
Okawaru
Qazlal
Ru
Sif Muna
Trog
Uskayaw
Vehumet
Wu Jian
Xom
Yredelemnul
Zin
The Shining One

Shops:
D:8 }

Annotations:
D:3 Lochraine's ghost, amateur DrCj
D:7 Shinoi's ghost, novice TrFi
D:8 exclusion: 2 doors


Innate Abilities, Weirdness & Mutations

You can breathe blasts of noxious fumes.
Your lurid green scales are hard. (AC +7)
You cannot fit into any form of body armour.
Your system is resistant to poisons. (rPois)
You are cold-blooded and may be slowed by cold attacks.
You have a pair of small horns on your head.
Your flesh is heat resistant. (rF+)


Message History

The freezing wraith closely misses you.
Unknown command.
Okay, then.
Okay, then.
Unknown command.
Your hornet zombie completely misses the freezing wraith.
Okay, then.
Unknown command.
Here: a freezing wraith (moderately damaged)
The floor.
The quokka bites your hornet zombie.
Okay, then.
Unknown command.
Okay, then.
Unknown command.
You see here 12 stones.
Something bites your hornet zombie.
Your hornet zombie barely misses the freezing wraith.
Things that are here:
an uncursed shortbow of freezing; 19 arrows You see here a leather armour.
Things that are here:
a robe; a dagger of electrocution Your hornet zombie hits the freezing wraith.
Your hornet zombie hits the freezing wraith.
The quokka bites your hornet zombie but does no damage.
Okay, then.
Okay, then.
Unknown command.
Your hornet zombie hits the freezing wraith but does no damage.
The quokka barely misses your hornet zombie.
The quokka twitches its whiskers.
Your hornet zombie hits the freezing wraith.
A water moccasin comes into view.
Your hornet zombie hits the freezing wraith but does no damage.
The water moccasin hisses angrily.
The quokka closely misses your hornet zombie.
It was a potion of mutation.
You feel extremely strange.
You feel resistant to heat. A pair of horns grows on your head!
The freezing wraith barely misses you.
The freezing wraith hits you but does no damage.
You feel better.
Your hornet zombie barely misses the freezing wraith.
The quokka closely misses your hornet zombie.
The freezing wraith hits you.
* * * LOW HITPOINT WARNING * * *
The freezing wraith freezes you!
You feel yourself slow down.
You die...
Kikubaaqudgha rasps: "You have failed me!
Welcome... death!"

#.#....(.r[.##....
#.#.......(.#..[.#
#.#........Z##...#
#.#..........Z.##.
#.#.........##)# #
#S#.........#..###
#.#.........##.Z..
#.#.........#.#.#.
#@###############[
#.WZr.............
##################
#### #... #.## #.#


You could see a freezing wraith, a water moccasin, a quokka and a friendly
hornet zombie.

Vanquished Creatures
  A yaktaur captain (D:9)
  A centaur warrior (D:9)
  2 two-headed ogres (D:8)
  A deep troll (D:9)
  A sixfirhy (D:9)
  Pikel (D:8)
  A cyclops (D:9)
  Joseph (D:8)
  2 dream sheep (D:8)
  A meliai zombie (D:9)
  A tarantella (shapeshifter) (D:9)
  Eustachio (D:5)
  2 yaks (D:8)
  2 slaves (D:8)
  2 orc warriors (D:9)
  2 sky beasts
  A black bear (D:8)
  A necrophage (D:5)
  4 ogres
  A phantom (D:5)
  7 centaurs
  2 big kobolds (D:8)
  4 bullfrogs
  A water moccasin zombie (D:6)
  A wyvern zombie (D:9)
  4 scorpions
  A wyvern skeleton (D:9)
  8 killer bees (D:9)
  3 howler monkeys (D:9)
  2 lava snakes (D:8)
  4 wights (D:7)
  A crimson imp (D:9)
  A quasit (D:7)
  2 bullfrog zombies
  A centaur skeleton (D:5)
  4 hounds
  3 jellies
  6 orc wizards
  7 orc priests
  A bullfrog skeleton (D:6)
  2 iguanas (D:5)
  Natasha (twice) (D:4)
  6 worker ants
  2 killer bee zombies
  Robin (D:2)
  11 adders
  4 gnolls
  5 shadow imps
  3 adder skeletons
  2 dart slugs
  9 leopard geckos
  36 orcs
  3 giant cockroaches
  16 goblins
  14 hobgoblins
  22 jackals
  10 kobolds
  4 quokkas
  10 bats
  5 frilled lizards
  A giant cockroach zombie (D:5)
  A quokka skeleton (D:4)
  9 rats
270 creatures vanquished.

Vanquished Creatures (collateral kills)
  A komodo dragon (D:9)
  A black bear (D:9)
  A crocodile (D:9)
  6 killer bees (D:9)
  A hound (D:9)
  An orc (D:9)
11 creatures vanquished.

Vanquished Creatures (others)
  A queen bee (D:9)
  2 orc wizards (D:8)
  A worker ant (D:8)
  2 orcs (D:8)
6 creatures vanquished.

Grand Total: 287 creatures vanquished

Notes
Turn   | Place    | Note
-------+----------+-------------------------------------------
     0 | D:1      | Lochraine the Draconian Conjurer began the quest for the Orb.
     0 | D:1      | Reached XP level 1. HP: 14/14 MP: 3/3
   264 | D:1      | Reached XP level 2. HP: 6/20 MP: 0/5
   900 | D:1      | Learned a level 2 spell: Searing Ray
  1295 | D:2      | Reached XP level 3. HP: 24/26 MP: 7/7
  1502 | D:2      | Found a faded altar of an unknown god.
  1704 | D:2      | Noticed Robin
  1722 | D:2      | Killed Robin
  1729 | D:2      | Reached XP level 4. HP: 12/33 MP: 2/8
  1806 | D:2      | Found a hazy altar of Hepliaklqana.
  1808 | D:2      | Found a blossoming altar of Fedhas.
  1864 | D:2      | Found an opulent altar of Gozag.
  1865 | D:2      | Found a glowing silver altar of Zin.
  1866 | D:2      | Found a stormy altar of Qazlal.
  1870 | D:2      | Found a sacrificial altar of Ru.
  1874 | D:2      | Found a radiant altar of Vehumet.
  2486 | D:3      | Noticed Lochraine's ghost (amateur DrCj)
  2596 | D:3      | Reached skill level 5 in Conjurations
  3009 | D:3      | Reached XP level 5. HP: 31/38 MP: 10/10
  3015 | D:3      | Found a deep blue altar of Sif Muna.
  3045 | D:3      | Learned a level 3 spell: Dazzling Spray
  3731 | D:4      | Found a staircase to the Ecumenical Temple.
  3739 | Temple   | Entered the Ecumenical Temple
  3947 | Temple   | Became a worshipper of Kikubaaqudgha
  4577 | D:4      | Noticed Natasha
  4581 | D:4      | Killed Natasha
  4581 | D:4      | Reached XP level 6. HP: 45/45 MP: 7/12
  4722 | D:4      | Noticed Natasha
  4761 | D:4      | Killed Natasha
  4761 | D:4      | Reached skill level 1 in Fighting
  4761 | D:4      | Reached skill level 1 in Short Blades
  4980 | D:5      | Entered Level 5 of the Dungeon
  4986 | D:5      | Learned a level 2 spell: Blink
  5012 | D:5      | Noticed Eustachio
  5098 | D:5      | Killed Eustachio
  5098 | D:5      | Reached skill level 5 in Spellcasting
  5098 | D:5      | Your scales start taking on a lurid green colour.
  5098 | D:5      | Reached XP level 7. HP: 53/55 MP: 11/14
  5098 | D:5      | Gained mutation: Your system is resistant to poisons. (rPois) [Green Draconian growth]
  5134 | D:5      | Reached * piety under Kikubaaqudgha
  5134 | D:5      | Identified Kikubaaqudgha's Guide on Sinister Rites (Kikubaaqudgha gifted it to you on level 5 of the Dungeon)
  5134 | D:5      | Received a gift from Kikubaaqudgha
  5142 | D:5      | Learned a level 3 spell: Mephitic Cloud
  5536 | D:5      | Reached skill level 1 in Air Magic
  5751 | D:5      | Reached skill level 1 in Necromancy
  5751 | D:5      | Reached XP level 8. HP: 41/63 MP: 16/16
  6956 | D:7      | Noticed Shinoi's ghost (novice TrFi)
  7391 | D:7      | Reached ** piety under Kikubaaqudgha
  7457 | D:7      | Found an ornate altar of the Wu Jian Council.
  7666 | D:7      | Reached XP level 9. HP: 70/73 MP: 7/17
  7898 | D:7      | Found a shadowy altar of Dithmenos.
  8065 | D:8      | Reached skill level 5 in Fighting
  8149 | D:8      | Noticed a two-headed ogre
  8169 | D:8      | Killed a two-headed ogre
  8292 | D:8      | Learned a level 3 spell: Conjure Flame
  8355 | D:8      | Noticed Joseph
  8362 | D:8      | Killed Joseph
  8362 | D:8      | Reached skill level 5 in Short Blades
  8628 | D:8      | Noticed Pikel
  8653 | D:8      | Killed Pikel
  8672 | D:8      | Noticed a two-headed ogre
  8709 | D:8      | Killed a two-headed ogre
  8709 | D:8      | Reached XP level 10. HP: 30/84 MP: 16/20
  8909 | D:8      | Found Gicano Idwam's Quality Used Wands.
  9055 | D:8      | Reached skill level 5 in Necromancy
  9137 | D:8      | Learned a level 1 spell: Animate Skeleton
  9347 | D:8      | Reached *** piety under Kikubaaqudgha
  9347 | D:8      | Identified Kikubaaqudgha's Tome of Black Secrets (Kikubaaqudgha gifted it to you on level 8 of the Dungeon)
  9347 | D:8      | Received a gift from Kikubaaqudgha
  9404 | D:8      | Noticed a two-headed hydra
  9425 | D:8      | Learned a level 4 spell: Animate Dead
  9714 | D:9      | Found a runed door.
  9841 | D:9      | Noticed a sixfirhy
  9850 | D:9      | Killed a sixfirhy
 10133 | D:9      | Reached **** piety under Kikubaaqudgha
 10859 | D:9      | Reached XP level 11. HP: 92/92 MP: 22/22
 11119 | D:9      | Noticed a centaur warrior
 11310 | D:9      | Killed a centaur warrior
 11439 | D:9      | Noticed a yaktaur captain
 11440 | D:9      | Noticed a deep troll
 11447 | D:9      | Killed a deep troll
 11453 | D:9      | Noticed a death drake
 11453 | D:9      | a wind drake changed into a death drake
 11462 | D:9      | Killed a yaktaur captain
 11466 | D:9      | a death drake changed into a hippogriff
 11514 | D:9      | HP: 1/94 [freezing wraith (17)]
 11548 | D:9      | Gained mutation: Your flesh is heat resistant. (rF+) [potion of mutation]
 11548 | D:9      | Gained mutation: You have a pair of small horns on your head. [potion of mutation]
 11549 | D:9      | Slain by a freezing wraith

Vault maps used:
D:1:      onia_arrival_pyramid
D:2:      minitemple, chequers_ecumenical_altar_simple_redux, serial_forest,
          infiniplex_forest_end_1, infiniplex_forest_split,
          infiniplex_forest_lined_ring, infiniplex_forest_straight_4,
          infiniplex_forest_clump_double, infiniplex_forest_clump_diagonal,
          first_bread, grunt_ministairs_14, uniq_robin
D:3:      lemuel_round_altar
D:4:      minmay_temple_entry_water_ring, uniq_natasha
D:5:      uniq_eustachio
D:6:      kennysheep_big_flooded_room
D:7:      kennysheep_little_box, lemuel_doored_altar
D:8:      nicolae_lava_and_water, hangedman_ranch, nicolae_for_you_no_charge,
          uniq_pikel, uniq_joseph
D:9:      cheibrodos_shockbox, special_room, minmay_the_grid_4x2
Temple:   hc_temple_tempest_star

Skill      XL: |  1  2  3  4  5  6  7  8  9 10 11 |
---------------+----------------------------------+-----
Spellcasting   | 3 4 5 7 |  7.6
Conjurations   | 5 6 7 8 |  8.2
Fighting       | 2 3 4 6 7 |  7.8
Short Blades   | 2 3 4 5 7 8 |  8.6
Air Magic      | 1 3 4 |  4.0
Necromancy     | 1 3 4 5 6 |  6.4
Dodging        | 2 3 4 |  4.3
Stealth        | |  1.7

Action                   |  1- 3 |  4- 6 |  7- 9 | 10-12 || total
-------------------------+-------+-------+-------+-------++-------
Melee: Dagger            |    48 |   147 |   343 |   259 ||   797
       Unarmed           |     2 |       |       |       ||     2
       Tailslap          |     6 |    21 |    31 |    28 ||    86
       Mace              |    76 |    74 |       |       ||   150
 Cast: Magic Dart        |    29 |    45 |    62 |    24 ||   160
       Searing Ray       |     2 |     6 |     5 |     1 ||    14
       Dazzling Spray    |       |     1 |     1 |     1 ||     3
       Mephitic Cloud    |       |       |     1 |     4 ||     5
       Animate Dead      |       |       |       |     8 ||     8
       Animate Skeleton  |       |       |       |     5 ||     5
       Conjure Flame     |       |       |       |     1 ||     1
Invok: Receive Corpses   |       |       |       |     2 ||     2
 Abil: Breathe Noxious F |       |       |     8 |    16 ||    24
Evoke: Wand              |       |       |     1 |       ||     1
  Use: Scroll            |     4 |     2 |     2 |     2 ||    10
       Potion            |     3 |     2 |       |     5 ||    10
 Stab: Sleeping          |     2 |     6 |     4 |     2 ||    14
       Distracted        |     1 |       |       |     2 ||     3
       Confused          |       |       |     5 |    12 ||    17
  Eat: Chunk             |     3 |    11 |    10 |     6 ||    30
       Royal jelly       |       |       |     2 |       ||     2
       Meat ration       |       |       |       |     2 ||     2
Armor: Skin              |    47 |    57 |    87 |    74 ||   265
Dodge: Dodged            |   122 |   121 |   138 |   114 ||   495
